 Seeded DCSS version 0.30-a0-389-g8d7d949f56 (webtiles) character file.

Game seed: 9890747901145388189 (custom seed)

2550 flotson the Trooper (level 9, -9/71 HPs)
             Began as a Demonspawn Delver on Dec 3, 2022.
             Mangled by a troll (12 damage)
             ... on level 5 of the Dungeon on Dec 4, 2022.
             The game lasted 00:12:09 (6847 turns).

flotson the Trooper (Demonspawn Delver)             Turns: 6847, Time: 00:12:10

Health: -9/71      AC:  7    Str: 23    XL:     9   Next: 30%
Magic:  9/9        EV: 13    Int: 12    God:
Gold:   397        SH:  0    Dex: 14    Spells: 8/8 levels left

rFire   . . .      SeeInvis .    D - +0 lajatang
rCold   . . .      Faith    .    (shield currently unavailable)
rNeg    + . .      Spirit   .    d - +0 ring mail
rPois   .          Reflect  .    (no helmet)
rElec   .          Harm     .    (no cloak)
rCorr   .          Rampage  .    (no gloves)
Will    .....                    a - +0 pair of boots
Stlth   ++........               F - amulet of the acrobat
HPRegen 0.31/turn                l - ring of positive energy
MPRegen 0.22/turn                v - +6 ring of strength

@: no status effects
A: foul stench 2, magic regeneration
a: no special abilities


You were on level 5 of the Dungeon.
You visited 2 branches of the dungeon, and saw 6 of its levels.

You collected 397 gold pieces.

Inventory:

Hand Weapons
 f - a +0 halberd
 B - a +0 quarterstaff
 D - a +0 lajatang (weapon)
Missiles
 i - 3 poisoned darts (quivered)
 w - 5 boomerangs
Armour
 a - a +0 pair of boots (worn)
 d - a +0 ring mail (worn)
 p - a +0 leather armour of fire resistance
Jewellery
 b - a ring of ice
 l - a ring of positive energy (left hand)
 v - a +6 ring of strength (right hand)
 F - an amulet of the acrobat (around neck)
 H - a ring of fire
Wands
 g - a wand of digging (1)
 x - a wand of mindburst (1)
Scrolls
 c - a scroll of fog
 e - a scroll of fear
 h - 12 scrolls of identify {unknown}
 m - a scroll of summoning {unknown}
 n - 2 scrolls of amnesia {unknown}
 o - 3 scrolls of enchant weapon {unknown}
 q - 3 scrolls of immolation {unknown}
 r - 2 scrolls of noise {unknown}
 s - 2 scrolls of enchant armour {unknown}
 y - 3 scrolls of blinking {unknown}
 z - a scroll of teleportation {unknown}
 E - a scroll of vulnerability {unknown}
 G - a scroll of magic mapping
Potions
 j - 2 potions of curing {unknown}
 k - 2 potions of ambrosia {unknown}
 t - 3 potions of flight {unknown}
 u - a potion of berserk rage {unknown}
 A - a potion of heal wounds {unknown}
 C - a potion of might {unknown}


   Skills:
 + Level 6.4 Fighting
 - Level 1.7 Polearms
 + Level 4.5 Throwing
 + Level 5.0 Armour
 + Level 5.4 Dodging
 - Level 5.0 Stealth
 + Level 5.5 Evocations


You had 8 spell levels left.
You didn't know any spells.
Your spell library contained the following spells:

 Spells                   Type           Power      Damage    Failure   Level
 Blink                    Tloc           0%         N/A       58%         2
 Kindle Blastsparks       Fire/Tloc/Air  0%         2d10      83%         3
 Animate Armour           Summ/Erth      0%         N/A       99%         4
 Manifold Assault         Tloc           0%         N/A       99%         4
 Summon Lightning Spire   Summ/Air       0%         N/A       99%         4
 Blade Hands              Tmut           0%         N/A       100%        5
 Lightning Bolt           Conj/Air       0%         1d11      100%        5
 Iron Shot                Conj/Erth      0%         9d1       100%        6
 Storm Form               Tmut/Air       0%         N/A       100%        7


Dungeon Overview and Level Annotations

Branches:
Dungeon (5/15)             Temple (1/1) D:5

Altars:
Ashenzari
Cheibriados
Dithmenos
Fedhas
Gozag
Kikubaaqudgha
Makhleb
Ru
Sif Muna
Trog
Vehumet
Yredelemnul

Shops:
D:3 (*=


Innate Abilities, Weirdness & Mutations

You sometimes emit foul miasma when damaged in melee.
You regenerate magic rapidly.


Message History

(D) Dungeon (T) Temple
Where to? (Enter - D:3, ? - help)
There is a stone staircase leading down here.
You climb downwards.
There is a stone staircase leading up here.
There is a large open translucent door here.
You see here a +3 antimagic rapier.
You see here 12 gold pieces.
The troll shouts!
You see here the +4 dagger "Curoxoy" {vamp, Int+7 Stlth-}.
You see here 12 gold pieces.
You now have 397 gold pieces (gained 12).
Unknown command.
Unknown command.
You closely miss the troll. The troll misses you.
The troll claws you but does no damage. The troll misses you.
Unknown command.
You closely miss the troll. The troll barely misses you. x2
The troll claws you but does no damage. The troll bites you!
The troll claws you!
You emit a cloud of foul miasma!
The troll claws you!
Unknown command.
You slash the troll!
The troll is moderately wounded.
The troll is engulfed in dark miasma.
The troll is poisoned.
The troll bites you! The troll misses you.
The troll claws you but does no damage.
You are too injured to fight recklessly!
Unknown command.
Unknown command.
You are too injured to fight recklessly!
You are too injured to fight recklessly!
Unknown command.
You are too injured to fight recklessly!
Unknown command.
The troll attacks as you move away! The troll bites you!
* * * LOW HITPOINT WARNING * * *
The troll claws you!
* * * LOW HITPOINT WARNING * * *
The troll claws you!
You die...

..÷# #.......##.###..........#
.#.# #####.####.##..######...#
...# #.####)##.##....##..#
##.#######.#.......#.####.#..#
#.................#..#.#.#.##
####...<...##''##.'.#.##.#.#
#.####.##8..8#######..#.# #.#
#.#8....8# #....##.#
#.####.#)...@)# ######..#
#.##...#)...T.# ######..#
#####.##...#8....8# #..#.##.#
#..........##8..8#####.##.#.#
#.#.........##''##.'.##.#.#.##
..#.##....#..).....##.#...#..#
.........###.##..#.#.####.#..#
.......#.# #.##.##.##....##..#
.....##..#
#..<.....######†..####


You could see a troll (poisoned).

Vanquished Creatures
  A two-headed ogre (D:5)
  Sigmund (D:4)
  A yak (D:4)
  The ghost of McGhostyFace the Chucker, an amateur GnWn (D:5)
  2 black bears (D:5)
  An ice beast (D:4)
  2 ogres (D:5)
  3 phantoms
  2 necrophages
  2 bullfrogs
  3 scorpions (D:5)
  2 killer bees (D:5)
  3 iguanas (D:5)
  A scorpion simulacrum (D:4)
  3 gnolls (D:4)
  10 adders
  A hound simulacrum (D:4)
  A shadow imp (D:4)
  2 white imps (D:5)
  A howler monkey simulacrum (D:4)
  A worm (D:2)
  2 dart slugs
  2 adder simulacra (D:4)
  9 orcs
  5 ball pythons
  9 endoplasms
  3 giant cockroaches
  4 goblins
  6 hobgoblins
  6 jackals
  2 quokkas
  6 bats
  7 frilled lizards
  6 kobolds
  A quokka simulacrum (D:4)
  2 rats (D:3)
  A butterfly (D:5)
115 creatures vanquished.

Vanquished Creatures (others)
  A plant (D:1)
1 creature vanquished.

Grand Total: 116 creatures vanquished

Notes
Turn   | Place    | Note
-------+----------+-------------------------------------------
     0 | D:5      | flotson the Demonspawn Delver began the quest for the Orb.
     0 | D:5      | Reached XP level 1. HP: 18/18 MP: 1/1
    36 | D:5      | Noticed a phantom
    66 | D:4      | Gained mutation: You may rarely emit foul miasma when
                  | damaged in melee. [demonic ancestry]
    66 | D:4      | Reached XP level 2. HP: 2/24 MP: 2/2
   227 | D:4      | Reached skill level 1 in Evocations
   227 | D:4      | Reached XP level 3. HP: 25/29 MP: 3/3
   256 | D:4      | Reached skill level 1 in Armour
   392 | D:4      | Noticed a phantom
   444 | D:4      | Noticed Sigmund
   577 | D:2      | Gained mutation: You regenerate magic rapidly. [demonic
                  | ancestry]
   577 | D:2      | Reached XP level 4. HP: 31/35 MP: 4/4
   613 | D:2      | Got the Atlas of Breath
   868 | D:2      | Found a basalt altar of Yredelemnul.
  2001 | D:3      | Reached skill level 5 in Stealth
  2088 | D:3      | Found Atahys's Assorted Antiques.
  2140 | D:3      | Reached XP level 5. HP: 36/42 MP: 5/5
  2269 | D:3      | Found Wothodyne's Weapon Shop.
  2606 | D:3      | Found Ukoig's Jewellery Emporium.
  2820 | D:3      | Found a shimmering blue altar of Sif Muna.
  2936 | D:4      | Reached skill level 4 in Fighting
  2936 | D:4      | Reached skill level 1 in Throwing
  2936 | D:4      | Gained mutation: You sometimes emit foul miasma when
                  | damaged in melee. [demonic ancestry]
  2936 | D:4      | Reached XP level 6. HP: 26/48 MP: 6/6
  3143 | D:4      | Found a runed translucent gate.
  3144 | D:4      | Found a runed translucent gate.
  3153 | D:4      | Found a runed translucent gate.
  3632 | D:4      | Noticed McGhostyFace's ghost (amateur GnWn)
  3635 | D:4      | Noticed an ice beast
  3869 | D:4      | Killed Sigmund
  3870 | D:4      | Reached XP level 7. HP: 8/55 MP: 7/7
  4346 | D:5      | Found a blossoming altar of Fedhas.
  4744 | D:5      | Reached skill level 5 in Fighting
  4873 | D:5      | Found a large runed translucent door.
  4873 | D:5      | Noticed a troll
  4874 | D:5      | Found a large runed translucent door.
  4878 | D:5      | Noticed a yak
  4879 | D:5      | Found a large runed translucent door.
  4879 | D:5      | Found a large runed translucent door.
  4989 | D:5      | Reached XP level 8. HP: 54/62 MP: 8/8
  4994 | D:5      | Noticed a hornet
  5175 | D:5      | Found a staircase to the Ecumenical Temple.
  5183 | Temple   | Entered the Ecumenical Temple
  5518 | D:5      | Found an opulent altar of Gozag.
  5892 | D:5      | Noticed a two-headed ogre
  6169 | D:5      | Killed a two-headed ogre
  6170 | D:5      | Reached skill level 6 in Fighting
  6170 | D:5      | Reached skill level 5 in Dodging
  6170 | D:5      | Reached skill level 5 in Evocations
  6170 | D:5      | Reached XP level 9. HP: 69/69 MP: 9/9
  6703 | D:5      | Killed McGhostyFace's ghost
  6721 | D:4      | Reached skill level 5 in Armour
  6836 | D:5      | Identified the +4 dagger "Curoxoy" {vamp, Int+7 Stlth-}
  6847 | D:5      | HP: 3/71 [troll (7)]
  6847 | D:5      | Mangled by a troll

Illustrated notes

Levels and vault maps discovered:
D:1:      minmay_arrival_glassed_features, layout_rooms, serial_bayou_crossing
D:2:      layout_basic, basic_altar, minmay_misc_feat_alley, minmay_tromino_v4_c
D:3:      layout_basic, lemuel_blue_sif_altar, serial_shops, shop,
          nicolae_shop_stone, shop
D:4:      layout_layer_cave, zin_treasury, gammafunk_ghost_icy,
          nicolae_elevator_lobby_plus, uniq_sigmund
D:5:      layout_loops_corners, mainiacjoe_overflow_large_starburst,
          minmay_temple_entry_butterflies, grunt_ministairs_2,
          minmay_misc_feat_secret_circle, minmay_hollow_rounded_squares
Temple:   chequers_temple_sunken

Skill      XL: |  1  2  3  4  5  6  7  8  9 |
---------------+----------------------------+-----
Dodging        | 2 3 4 5 |  5.4
Evocations     | 1 2 3 4 5 |  5.5
Armour         | 1 2 3 4 5 |  5.0
Stealth        | 5 |  5.0
Fighting       | 4 5 6 |  6.4
Throwing       | 1 2 4 |  4.5
Polearms       | |  1.7

Action                   |  1- 3 |  4- 6 |  7- 9 || total
-------------------------+-------+-------+-------++-------
Melee: Spear             |    31 |       |       ||    31
       Halberd           |    32 |   244 |   127 ||   403
       Lajatang          |       |       |    50 ||    50
Throw: Dart              |     3 |       |     6 ||     9
Evoke: Wand              |       |     2 |     4 ||     6
  Use: Potion            |     1 |       |       ||     1
       Scroll            |     1 |       |     3 ||     4
 Stab: Sleeping          |     2 |     9 |     4 ||    15
       Distracted        |     1 |       |       ||     1
Armor: Leather armour    |    13 |       |       ||    13
       Ring mail         |       |   106 |    84 ||   190
Dodge: Dodged            |    35 |   132 |   126 ||   293

Table legend: (Time is in decaauts)
 A = Elapsed time spent in this place.
 B = Non-inter-level travel time spent in this place.
 C = Inter-level travel time spent in this place.
 D = Time resting spent in this place.
 E = Time spent auto-exploring this place.
 F = Levels seen in this place.
 G = Mean time per level.
                   A        B        C        D        E       F      G
               +--------+--------+--------+--------+--------+-----+--------+
         Total |   7072 |   6902 |    170 |    539 |   4826 |   6 | 1178.7 |
       Dungeon |   6856 |   6699 |    157 |    539 |   4628 |   5 | 1371.2 |
        Temple |    216 |    204 |     12 |      0 |    197 |   1 |  216.0 |
               +--------+--------+--------+--------+--------+-----+--------+

Top non-repeatable levels by time:
     D:4: 2314 daAuts
     D:5: 2032 daAuts
     D:3: 1016 daAuts
     D:2: 975 daAuts
     D:1: 517 daAuts
  Temple: 216 daAuts
